 Dungeon Crawl Stone Soup version 0.28-a0-589-g333b8329f1 (webtiles) character file.

Game seed: 15343734813573412541

70 Heedrag the Chiller (level 4, 32/32 HPs)
             Began as a Demonspawn Ice Elementalist on Oct 3, 2021.
             Quit the game on level 3 of the Dungeon.
             The game lasted 00:02:45 (2512 turns).

Heedrag the Chiller (Demonspawn Ice Elementalist)   Turns: 2512, Time: 00:02:46

Health: 32/32      AC:  3    Str:  8    XL:     4   Next: 3%
Magic:  7/7        EV: 12    Int: 18    God:
Gold:   105        SH:  4    Dex: 13    Spells: 3/7 levels left

rFire   . . .      SeeInvis .   e - +2 long sword (vorpal)
rCold   . . .      Faith    .   (no shield)
rNeg    . . .      Spirit   .   a - +0 robe
rPois   .          Reflect  .   (no helmet)
rElec   .          Harm     .   (no cloak)
rCorr   .          Rampage  .   i - +0 pair of gloves
Will    .....                   (no boots)
Stlth   ++........              (no amulet)
HPRegen 0.10/turn               (no ring)
MPRegen 0.20/turn               (no ring)

@: no status effects
A: claws 1, large bone plates 1, magic regeneration
a: no special abilities


You were on level 3 of the Dungeon.
You visited 1 branch of the dungeon, and saw 3 of its levels.

You collected 105 gold pieces.

Inventory:

Hand Weapons
 b - a +0 dagger
   (You took it off a kobold on level 1 of the Dungeon)
 e - a +2 vorpal long sword (weapon)
   (You found it on level 1 of the Dungeon)
Armour
 a - a +0 robe (worn)
 i - a +0 pair of gloves (worn)
   (You found it on level 2 of the Dungeon)
Scrolls
 d - a scroll of holy word {unknown}
 f - 2 scrolls of identify {unknown}
 j - a scroll of enchant weapon {unknown}
Potions
 c - a potion of degeneration {unknown}
 g - a potion of resistance {unknown}
 h - a potion of attraction {unknown}


   Skills:
 + Level 1.2 Fighting
 + Level 2.2 Dodging
 + Level 2.4 Stealth
 + Level 2.3 Spellcasting
 * Level 4.1 Ice Magic


You had 3 spell levels left.
You knew the following spells:

 Your Spells              Type           Power      Damage    Failure   Level
a - Freeze                Ice            68%        1d8       3%          1
b - Frozen Ramparts       Ice            34%        1d5       10%         3

Your spell library contained the following spells:

 Spells                   Type           Power      Damage    Failure   Level
 Ozocubu's Armour         Ice            17%        N/A       10%         3
 Gell's Gravitas          Tloc           1%         N/A       45%         3
 Teleport Other           Tloc           2%         N/A       45%         3
 Hailstorm                Conj/Ice       9%         3d4       58%         4
 Dispersal                Tloc           1%         N/A       100%        6


Dungeon Overview and Level Annotations

Branches:
Dungeon (3/15)

Altars:
Okawaru

Shops:
D:2 (


Innate Abilities, Weirdness & Mutations

You have sharp fingernails.
You are partially covered in large bone plates. (SH +4)
You regenerate magic rapidly.


Message History

You kill the kobold!
No target in view!
No target in view!
j - a scroll labelled ZADGHAE PILEFUOSI An adder comes into view.
Found a trident.
The adder hisses angrily.
You miss the adder. The adder bites you but does no damage.
You hit the adder. The adder bites you. The adder bites you but does no damage.
Aim: an adder (lightly wounded)
You freeze the adder.
The adder seems to slow down.
The adder barely misses you.
Aim: an adder (moderately wounded, slow)
You freeze the adder. The adder barely misses you.
Aim: an adder (almost dead, slow)
You freeze the adder.
You kill the adder!
You see here an adder corpse.
You open the door.
There is an open door here.
An adder, a goblin and a hobgoblin come into view.
The adder hisses angrily.
The goblin shouts!
The hobgoblin shouts!
The spell is quite dangerous to cast (11% risk of failure)!
Continue anyway?
The walls around you are covered in ice.
The wall freezes the goblin.
The wall freezes the hobgoblin.
The hobgoblin hits you.
The wall freezes the goblin.
The wall freezes the hobgoblin.
The hobgoblin barely misses you.
The wall freezes the adder.
The adder seems to slow down.
The wall freezes the goblin.
You kill the goblin!
The adder is no longer moving slowly.
The wall freezes the hobgoblin.
You kill the hobgoblin!
The wall freezes the adder but does no damage.
The wall freezes the adder but does no damage.
The adder bites you.
You closely miss the adder.
The wall freezes the adder.
The adder bites you.
The wall freezes the adder.
The adder bites you but does no damage.
You miss the adder.
The frozen ramparts melt away.
The adder barely misses you. x2
You miss the adder. The adder bites you but does no damage.
The adder completely misses you.
Unknown command.
You slash the adder!
You kill the adder!
You have reached level 4!
You feel clever.
Your demonic ancestry asserts itself...
Your magic begins to regenerate rapidly.
Found a There-And-Back Book.
You pick up a There-And-Back Book and begin reading...
You add the spells Gell's Gravitas, Teleport Other and Dispersal to your library.

#.....###......##
#.)...##......##
#.....##'#......#
#.....##.###......
#.....##)..###.....
#########....###...
#..#....###.
#.##.##...###
#.#..#..#@..#
#############


There were no monsters in sight!

Vanquished Creatures
  3 adders
  2 dart slugs (D:2)
  4 ball pythons
  2 endoplasms (D:1)
  7 goblins
  5 hobgoblins
  A quokka (D:1)
  4 bats
  2 frilled lizards
  4 kobolds
  5 rats (D:1)
39 creatures vanquished.

Notes
Turn   | Place    | Note
-------+----------+-------------------------------------------
     0 | D:1      | Heedrag the Demonspawn Ice Elementalist began the quest for
                  | the Orb.
     0 | D:1      | Reached XP level 1. HP: 13/13 MP: 3/3
   480 | D:1      | Gained mutation: You have sharp fingernails. [demonic
                  | ancestry]
   480 | D:1      | Reached XP level 2. HP: 20/20 MP: 5/5
  1373 | D:2      | Gained mutation: You are partially covered in large bone
                  | plates. (SH +4) [demonic ancestry]
  1373 | D:2      | Reached XP level 3. HP: 16/25 MP: 6/6
  1603 | D:2      | Reached skill level 1 in Fighting
  1603 | D:2      | Reached skill level 4 in Ice Magic
  1610 | D:2      | Learned a level 3 spell: Frozen Ramparts
  1721 | D:2      | Found an iron altar of Okawaru.
  1887 | D:2      | Found Erach's Weapon Shop.
  2199 | D:2      | Found a faded altar of an unknown god.
  2417 | D:3      | Gained mutation: You regenerate magic rapidly. [demonic
                  | ancestry]
  2417 | D:3      | Reached XP level 4. HP: 23/32 MP: 4/7
  2512 | D:3      | Quit the game

Illustrated notes

Levels and vault maps discovered:
D:1:      elethiomel_arrival_infinity_welcomes_careful_drivers, layout_basic
D:2:      layout_basic, basic_altar, serial_shops, nicolae_shop_statue_plus,
          hellmonk_ecumenical_altar_inner_sanctum, minmay_tetromino_s2
D:3:      minmay_razor_zed, layout_basic, hex_tiny

Skill      XL: |  1  2  3 |
---------------+----------+-----
Stealth        | 2 |  2.4
Dodging        | 2 |  2.2
Fighting       | 1 |  1.2
Ice Magic      | 4 |  4.1
Spellcasting   | |  2.3

Action                   |  1- 3 |  4- 6 || total
-------------------------+-------+-------++-------
Melee: Unarmed           |    10 |       ||    10
       Long sword        |    54 |       ||    54
       Dagger            |     1 |       ||     1
 Cast: Freeze            |    21 |       ||    21
       Frozen Ramparts   |     1 |       ||     1
 Stab: Sleeping          |     6 |       ||     6
Armor: Robe              |    17 |       ||    17
Dodge: Dodged            |    52 |       ||    52
Block: Other             |     2 |       ||     2

Table legend: (Time is in decaauts)
 A = Elapsed time spent in this place.
 B = Non-inter-level travel time spent in this place.
 C = Inter-level travel time spent in this place.
 D = Time resting spent in this place.
 E = Time spent auto-exploring this place.
 F = Levels seen in this place.
 G = Mean time per level.
                   A        B        C        D        E       F      G
               +--------+--------+--------+--------+--------+-----+--------+
         Total |   2532 |   2428 |    104 |    192 |   1928 |   3 |  844.0 |
       Dungeon |   2532 |   2428 |    104 |    192 |   1928 |   3 |  844.0 |
               +--------+--------+--------+--------+--------+-----+--------+

Top non-repeatable levels by time:
     D:1: 1332 daAuts
     D:2: 969 daAuts
     D:3: 230 daAuts
